Map: Ley Lines

Players

SubN - Winner!

  • Race: Zerg Zerg
  • League: Diamond
  • Spawn Location: 7:00

Prefix

  • Race: Protoss Protoss
  • League: Diamond
  • Spawn Location: 1:00

VOD

Have the link to the VOD?

Description

Time

  • Played on: July 26, 2025, 8:48 p.m.
  • Length: 11:54
Show
View Real Time Build Order
Export as new Build Order

SubN Zerg - Winner!

Build Orders: Pool First 

Get SALT Encoding   

  12  0:00  Drone  
  13  0:12  Overlord  
  13  0:16  Drone  
  14  0:30  Drone x2  
  16  0:44  Spawning Pool  
  16  0:45  Drone  
  16  0:47  Drone  
  17  0:51  Extractor  
  17  0:55  Drone  
  17  1:15  Hatchery  
  16  1:21  Drone x2  
  18  1:33  Zergling x2  
  18  1:37  Queen  
  18  1:38  Zergling x2  
  22  1:52  Zergling x2, Extractor  
  22  2:00  Overlord  
  23  2:10  Overlord  
  23  2:16  Roach Warren  
  22  2:24  Drone  
  22  2:25  Queen  
  24  2:37  Drone x2  
  26  2:49  Drone x5  
  31  3:07  Queen  
  33  3:20  Drone  
  33  3:23  Hatchery  
  33  3:32  Drone x6  
  39  3:42  Lair  
  39  3:45  Drone  
  40  3:49  Extractor  
  40  3:55  Queen  
  41  3:56  Drone x2  
  43  4:03  Metabolic Boost  
  43  4:04  Overlord  
  43  4:08  Overlord  
  43  4:12  Overlord  
  43  4:19  Drone  
  44  4:24  Drone x2  
  44  4:25  Drone  
  44  4:28  Drone x2  
  44  4:29  Drone  
  50  4:31  Drone, Extractor  
  50  4:32  Extractor  
  49  4:42  Hydralisk Den  
  48  4:46  Queen  
  48  4:47  Drone x5  
  55  4:53  Glial Reconstitution  
  55  5:07  Overlord x3  
  55  5:13  Roach x3  
  55  5:14  Roach  
  63  5:21  Drone x3  
  66  5:22  Drone x4  
  70  5:33  Overlord x3  
  70  5:37  Overlord  
  70  5:42  Muscular Augments  
  70  5:46  Hydralisk x2  
  74  5:50  Overseer  
  74  5:56  Drone x8  
  82  5:58  Extractor  
  82  6:01  Extractor  
  80  6:06  Hydralisk x3  
  86  6:18  Drone  
  87  6:19  Baneling Nest  
  87  6:23  Zergling x16  
  94  6:38  Hydralisk  
  94  6:39  Hydralisk x6  
  106  6:46  Grooved Spines  
  108  6:47  Evolution Chamber  
  108  6:48  Evolution Chamber  
  106  7:03  Drone x4  
  106  7:04  Drone x3  
  106  7:05  Drone x3  
  106  7:08  Drone  
  117  7:10  Centrifugal Hooks  
  117  7:11  Zergling x2  
  117  7:13  Baneling x6  
  117  7:15  Overlord x3  
  118  7:17  Overseer  
  118  7:19  Overseer  
  118  7:25  Hydralisk  
  118  7:26  Hydralisk  
  112  7:58  Spire  
  90  8:07  Hydralisk  
  90  8:08  Hydralisk x10  
  104  8:16  Zerg Missile Weapons Level 1  
  104  8:26  Hydralisk x3  
  102  8:27  Hydralisk  
  103  8:35  Zergling x10  
  106  8:46  Roach x3  
  106  8:47  Roach x2  
  95  9:08  Zergling x2  
  95  9:09  Zergling x10  
  99  9:11  Queen  
  99  9:16  Drone  
  102  9:28  Hatchery  
  101  9:36  Hatchery  
  101  9:38  Zerg Ground Armor Level 1  
  100  9:40  Corruptor x3, Zerg Flyer Weapons Level 1  
  100  9:44  Overlord x5  
  106  9:49  Overlord  
  106  9:50  Overlord  
  106  10:06  Baneling  
  105  10:07  Baneling x10  
  105  10:08  Corruptor x4  
  105  10:12  Hydralisk x2  
  117  10:14  Zergling x4  
  117  10:15  Zergling x8  
  117  10:20  Drone x3  
  126  10:34  Zergling x8  
  126  10:35  Zergling x10  
  124  10:55  Hydralisk x2  
  124  10:56  Hydralisk x7  
  113  11:12  Zergling x18  
  113  11:13  Zergling x2  
  113  11:17  Queen  
  119  11:28  Zergling x2  
  119  11:29  Zergling x10  
Show
View Real Time Build Order
Export as new Build Order

Prefix Protoss 

Build Orders:  

Get SALT Encoding   

  12  0:00  Probe  
  13  0:13  Probe  
  14  0:21  Pylon  
  14  0:25  Probe  
  15  0:35  Probe  
  16  0:43  Probe  
  16  0:44  Gateway  
  16  0:48  Assimilator  
  17  0:53  Probe  
  18  1:05  Probe  
  19  1:17  Probe  
  20  1:21  Forge  
  20  1:29  Probe  
  20  1:31  Assimilator  
  21  1:35  Zealot  
  21  1:42  Cybernetics Core  
  23  2:01  Nexus  
  23  2:13  Pylon  
  23  2:31  Probe  
  23  2:36  Sentry  
  24  2:43  Probe  
  26  2:46  Photon Cannon  
  26  2:48  Shield Battery  
  26  2:54  Photon Cannon  
  26  2:58  Photon Cannon  
  26  3:14  Cybernetics Core  
  26  3:15  Probe  
  26  3:19  Gateway  
  27  3:26  Probe, Photon Cannon  
  28  3:27  Probe  
  27  3:38  Gateway  
  27  3:43  Pylon  
  27  3:49  Warp Gate  
  27  3:53  Pylon  
  27  3:57  Stargate  
  27  3:58  Stalker  
  29  4:04  Probe  
  29  4:05  Probe  
  29  4:09  Sentry  
  31  4:14  Probe  
  33  4:22  Probe  
  33  4:23  Probe  
  36  4:34  Robotics Facility  
  36  4:35  Probe  
  37  4:40  Probe  
  37  4:41  Void Ray  
  42  4:47  Probe  
  42  4:52  Probe  
  44  4:59  Probe  
  45  5:04  Probe  
  45  5:05  Assimilator  
  46  5:11  Probe  
  47  5:16  Probe  
  48  5:22  Immortal  
  48  5:27  Gateway, Robotics Bay  
  48  5:30  Twilight Council  
  52  5:40  Pylon, Protoss Ground Weapons Level 1  
  52  5:42  Stalker  
  54  5:43  Pylon  
  54  5:44  Zealot  
  54  5:48  Zealot  
  54  5:49  Probe  
  59  5:51  Probe  
  59  5:54  Charge  
  64  6:18  Colossus, Assimilator  
  60  6:21  Pylon  
  66  6:28  Extended Thermal Lance, Zealot x4  
  74  6:34  Photon Cannon  
  74  6:43  Probe x2  
  76  6:55  Probe x2, Zealot x2  
  82  7:02  Shield Battery  
  82  7:04  Pylon  
  82  7:07  Probe x2  
  84  7:11  Colossus  
  84  7:18  Pylon  
  84  7:20  Sentry  
  92  7:23  Probe x2  
  94  7:37  Shield Battery  
  94  7:39  Photon Cannon  
  84  7:56  Zealot x4  
  77  8:20  Zealot x4  
  89  8:31  Void Ray  
  77  8:52  Colossus  
  77  8:53  Protoss Ground Weapons Level 2  
  77  9:00  Nexus  
  77  9:02  Pylon, Zealot x4  
  79  9:04  Pylon  
  73  9:13  Gateway x2  
  73  9:15  Gateway  
  73  9:19  Gateway  
  73  9:22  Robotics Facility  
  73  9:36  Templar Archives  
  73  9:38  Photon Cannon  
  72  9:39  Colossus  
  72  9:46  Zealot  
  72  9:47  Zealot x3  
  86  9:55  Forge  
  86  9:59  Colossus, Pylon  
  86  10:08  Psionic Storm  
  92  10:22  High Templar x2  
  92  10:26  High Templar  
  92  10:27  High Templar  
  100  10:37  Nexus  
  100  10:41  Archon  
  100  10:42  Shield Battery  
  64  10:54  Stalker x2  
  55  11:04  Stalker x2  
  55  11:05  Stalker  
  55  11:06  High Templar  
  57  11:21  Stalker x3  
  53  11:41  Stalker  
  53  11:42  Stalker x2  
Tags
 
Matchup
PvZ
Opening
Pool First
Replay Pack
Multiplayer
Spawn Locations
Cross Positions
Add a new tag
Caveats
  • Supply blocks, unpowered buildings, or Contaminate may cause inaccurate times.
  • Supply counts are checked every 10 seconds.